 Dungeon Crawl Stone Soup version 0.27-a0-406-g23f261fbd2 (webtiles) character file.

Game seed: 8334574570245314346

549 HungryMoth the Skirmisher (level 7, -2/57 HPs)
             Began as a Formicid Chaos Knight on Feb 22, 2021.
             Was a Plaything of Xom.
             Slain by a troll (3 damage)
             ... on level 5 of the Dungeon.
             The game lasted 00:10:11 (3149 turns).

HungryMoth the Skirmisher (Formicid Chaos Knight)   Turns: 3149, Time: 00:10:13

Health: -2/57      AC: 15    Str: 17    XL:     7   Next: 54%
Magic:  7/7        EV:  9    Int: 11    God:    Xom [.*....]
Gold:   155        SH:  0    Dex: 12    Spells: 6/6 levels left

rFire    . . .     SeeInvis +   x - +2 quarterstaff (chaos)
rCold    . . .     Faith    .   (no shield)
rNeg     . . .     Spirit   .   d - +0 scale mail
rPois    .         Reflect  .   (helmet unavailable)
rElec    .         Harm     .   o - +2 cloak
rCorr    .         Rampage  .   e - +0 pair of gloves
Will     +....                  s - +2 pair of boots
Stlth    ..........             (no amulet)
HPRegen  0.19/turn              p - ring of willpower
MPRegen  0.10/turn              (no ring)

@: no status effects
A: permanent stasis, dig shafts and tunnels, four strong arms, antennae 3,
hooves 1, MP-powered wands
a: Dig, Shaft Self, Renounce Religion


You were on level 5 of the Dungeon.
You worshipped Xom.
You were a plaything of Xom.
You visited 1 branch of the dungeon, and saw 5 of its levels.

You collected 155 gold pieces.

Inventory:

Hand Weapons
 a - a +0 spear of chaos
 x - a +2 quarterstaff of chaos (weapon)
Missiles
 q - 67 stones
Armour
 d - a +0 scale mail (worn)
 e - a +0 pair of gloves (worn)
 o - a +2 cloak (worn)
 s - a +2 pair of boots (worn)
Magical Staves
 y - a staff of conjuration
Jewellery
 p - a ring of willpower (left hand)
Wands
 n - a wand of random effects (15)
 w - a wand of acid (7)
Scrolls
 b - 2 scrolls of enchant weapon {unknown}
 f - a scroll of blinking {unknown}
 h - 3 scrolls of identify {unknown}
 i - a scroll of amnesia {unknown}
 l - 2 scrolls of teleportation {unknown}
 r - a scroll of immolation {unknown}
 u - a scroll of enchant armour {unknown}
Potions
 c - a potion of attraction {unknown}
 g - 3 potions of curing {unknown}
 j - 2 potions of might {unknown}
 k - 2 potions of magic {unknown}
 m - a potion of haste {unknown}
 t - 2 potions of lignification {unknown}
 v - a potion of berserk rage {unknown}


   Skills:
 * Level 5.8 Fighting
 + Level 5.2 Polearms
 * Level 5.1 Armour
 - Level 0.8 Dodging
 + Level 0.0 Evocations


You had 6 spell levels left.
You didn't know any spells.
Your spell library was empty.

Dungeon Overview and Level Annotations

Branches:
Dungeon (5/15)
 Temple: D:4-7

Altars:
Elyvilon
Makhleb
Vehumet

Annotations:
D:3 2 transporters


Innate Abilities, Weirdness & Mutations

You cannot be hasted, slowed, berserked, paralysed or teleported.
You can dig through walls and to a lower floor.
Your four strong arms can wield two-handed weapons with a shield.
You have a pair of large antennae on your head. (SInv)
You have large cloven feet.
You expend magic power (3 MP) to strengthen your wands.


Message History

The troll barely misses your butterfly.
The troll completely misses your butterfly.
The troll misses your butterfly.
Xom titters.
The troll looks rather confused.
The hound zombie looks rather confused.
The troll asks, "Who are you?" The troll bites your butterfly.
Your butterfly is killed!
The hound zombie misses your butterfly.
The troll seems less confused.
The troll bites your butterfly!
Your butterfly dies!
The troll bites your butterfly!!
Your butterfly dies!
You hit the troll.
The troll flickers and vanishes for a moment.
The troll is lightly wounded.
The troll bites you but does no damage. The troll claws you but does no damage.
The troll barely misses you.
You hit the troll. You freeze the troll.
The troll is lightly wounded.
The troll bites you but does no damage. The troll claws you but does no damage.
The troll closely misses you.
You hit the troll.
Nothing appears to happen.
The troll is lightly wounded.
The troll bites you. The troll claws you! The troll claws you.
You barely miss the troll.
The troll is lightly wounded.
The troll bites you.
* * * LOW HITPOINT WARNING * * *
The troll claws you.
* * * LOW HITPOINT WARNING * * *
The troll claws you but does no damage.
You barely miss the troll.
The troll is lightly wounded.
The troll bites you!
* * * LOW HITPOINT WARNING * * *
You emit a cloud of colourful smoke!
The troll claws you but does no damage. x2; The troll bites you.
You die...
Xom roars with laughter!

###############
#.....§bT@§§§.##
#.##########...## #.#
####.....##### #T#
#............. #Z#
#.##.....##### #.#
##.###...#######..≈ #.#
#............[.....
#............####..#.#.......
#............. #..#<#####.#.


You could see a troll (invisible).

Vanquished Creatures
  Sigmund (D:3)
  A bullfrog (D:4)
  A hound (D:4)
  Crazy Yiuf (D:4)
  A bullfrog skeleton (D:4)
  Jessica (D:2)
  2 worker ants (D:4)
  Robin (D:2)
  A howler monkey skeleton (D:4)
  5 adders
  3 worms (D:2)
  4 dart slugs
  6 leopard geckos
  6 orcs
  A ball python (D:3)
  4 bats
  A giant cockroach (D:1)
  13 goblins
  8 hobgoblins
  3 jackals (D:3)
  A kobold (D:3)
  A leopard gecko skeleton (D:4)
  6 rats
72 creatures vanquished.

Vanquished Creatures (others)
  6 plants (D:3)
6 creatures vanquished.

Grand Total: 78 creatures vanquished

Notes
Turn   | Place    | Note
-------+----------+-------------------------------------------
     0 | D:1      | HungryMoth the Formicid Chaos Knight began the quest for
                  | the Orb.
     0 | D:1      | Reached XP level 1. HP: 18/18 MP: 1/1
   259 | D:1      | Reached XP level 2. HP: 24/24 MP: 2/2
   532 | D:2      | Noticed Jessica
   533 | D:2      | Noticed Robin
   571 | D:2      | Reached XP level 3. HP: 28/30 MP: 3/3
   594 | D:2      | Killed Robin
   601 | D:2      | Killed Jessica
   602 | D:2      | Reached XP level 4. HP: 29/37 MP: 4/4
   629 | D:2      | XOM: silly message
  1224 | D:2      | Noticed a glowing shapeshifter
  1224 | D:2      | a worm changed into a glowing shapeshifter
  1224 | D:2      | Noticed a manticore
  1224 | D:2      | a glowing shapeshifter changed into a manticore
  1229 | D:2      | You fall into a shaft and drop 2 floors!
  1232 | D:4      | XOM: swap monsters
  1365 | D:4      | XOM: god gift: 24 stones
  1454 | D:3      | Found a radiant altar of Vehumet.
  1500 | D:3      | XOM: fog
  1523 | D:3      | Reached XP level 5. HP: 35/42 MP: 5/5
  1656 | D:3      | Noticed Sigmund
  1657 | D:3      | XOM: potion effect (might)
  1662 | D:3      | XOM: cleaving
  1664 | D:3      | Killed Sigmund
  1665 | D:3      | Reached skill level 5 in Fighting
  1665 | D:3      | Reached XP level 6. HP: 37/51 MP: 6/6
  1835 | D:3      | Identified the +8 halberd of Koerosh {venom, +Blink}
  1851 | D:3      | Found a transporter.
  1943 | D:3      | Found a burning altar of Makhleb.
  2041 | D:3      | Found a transporter.
  2275 | D:4      | Found a white marble altar of Elyvilon.
  2483 | D:4      | Reached XP level 7. HP: 56/56 MP: 7/7
  2596 | D:4      | XOM: summons 1 hostile shadow creature
  2618 | D:4      | Reached skill level 5 in Polearms
  2708 | D:4      | Found a runed translucent door.
  2709 | D:4      | Noticed Crazy Yiuf
  2716 | D:4      | Killed Crazy Yiuf
  2786 | D:4      | Reached skill level 5 in Armour
  2962 | D:4      | XOM: give mutations
  2962 | D:4      | Gained mutation: You have large cloven feet. [Xom's grace]
  2962 | D:4      | Gained mutation: You expend magic power (3 MP) to
                  | strengthen your wands. [Xom's grace]
  3088 | D:5      | Entered Level 5 of the Dungeon
  3120 | D:5      | Noticed a troll
  3130 | D:5      | XOM: scenery: summon butterflies
  3135 | D:5      | XOM: noise
  3139 | D:5      | XOM: confuse monster(s)
  3149 | D:5      | HP: 1/57 [troll (14)]
  3149 | D:5      | XOM: smoke on damage
  3149 | D:5      | Slain by a troll

Illustrated notes

Levels and vault maps discovered:
D:1:      eino_arrival_druids_welcome, layout_rooms
D:2:      layout_rooms, minivault_23, uniq_jessica, uniq_robin
D:3:      layout_rooms, lemuel_round_altar, vehumet_crystals,
          gammafunk_ghost_gnarly_gnolls, uniq_sigmund
D:4:      layout_cave_pods, elyvilon_altar_1, uniq_crazy_yiuf_cottage
D:5:      layout_loops_ring, lemuel_temple_firewalk_a, corexii_leaking_fountain,
          uniq_edmund

Skill      XL: |  1  2  3  4  5  6  7 |
---------------+----------------------+-----
Fighting       | 4 5 |  5.8
Armour         | 3 4 5 |  5.1
Polearms       | 4 5 |  5.2
Dodging        | |  0.8

Action                   |  1- 3 |  4- 6 |  7- 9 || total
-------------------------+-------+-------+-------++-------
Melee: Spear             |    86 |   171 |    40 ||   297
       Quarterstaff      |       |       |    26 ||    26
 Abil: Dig               |     2 |       |       ||     2
       Shaft Self        |       |     1 |       ||     1
 Stab: Petrified         |       |     9 |       ||     9
       Paralysed         |       |     2 |     4 ||     6
       Confused          |       |     5 |       ||     5
Armor: Leather armour    |     3 |       |       ||     3
       Scale mail        |    20 |    45 |    37 ||   102
Dodge: Dodged            |    23 |    33 |    24 ||    80

Table legend: (Time is in decaauts)
 A = Elapsed time spent in this place.
 B = Non-inter-level travel time spent in this place.
 C = Inter-level travel time spent in this place.
 D = Time resting spent in this place.
 E = Time spent auto-exploring this place.
 F = Levels seen in this place.
 G = Mean time per level.
                   A        B        C        D        E       F      G
               +--------+--------+--------+--------+--------+-----+--------+
         Total |   3126 |   3063 |     63 |    473 |   1933 |   5 |  625.2 |
       Dungeon |   3126 |   3063 |     63 |    473 |   1933 |   5 |  625.2 |
               +--------+--------+--------+--------+--------+-----+--------+

Top non-repeatable levels by time:
     D:4: 986 daAuts
     D:3: 858 daAuts
     D:2: 720 daAuts
     D:1: 498 daAuts
     D:5: 61 daAuts
